 Dungeon Crawl Stone Soup version 0.14-a0-629-g748cab2 (webtiles) character file.

506 4tharraofdagon the Firebug (level 6, -7/57 HPs)
             Began as a Djinni Fire Elementalist on Nov 5, 2013.
             Was an Initiate of Makhleb.
             Mangled by Prince Ribbit (8 damage)
             ... on Level 6 of the Dungeon.
             The game lasted 00:08:44 (1262 turns).

4tharraofdagon the Firebug (DjFE)                   Turns: 1262, Time: 00:08:44

HP  -7/57        AC  3     Str  8      XL: 6   Next: 40%
MP   0/0         EV 10     Int 17      God: Makhleb [......]
Gold 141         SH  0     Dex 14      Spells:  4 memorised,  1 level left

Res.Fire  : + + +   See Invis. : .   j - +2,+4 orc dagger
Res.Cold  : x . .   Warding    : .   d - +0 orc leather armour
Life Prot.: + + +   Conserve   : .   (no shield)
Res.Poison: .       Res.Corr.  : .   (no helmet)
Res.Elec. : .       Clarity    : .   (no cloak)
Sust.Abil.: . .     Spirit.Shd : .   (no gloves)
Res.Mut.  : .       Stasis     : .   (boots unavailable)
Res.Rott. : .       Flight     : +   (no amulet)
Saprovore : . . .                    m - ring of magical power
                                     (no ring)

@: flying, mildly poisoned, very slightly contaminated, slightly resistant to
hostile enchantments, unstealthy
A: fire immunity, cold vulnerability, life protection 3
a: Renounce Religion


You were on level 6 of the Dungeon.
You worshipped Makhleb.
Makhleb was noncommittal.
You were not hungry.

You visited 1 branch of the dungeon, and saw 6 of its levels.
You also visited: Sewer.

You collected 141 gold pieces.

Inventory:

Hand weapons
 i - a +0,+0 hand axe
 j - a +2,+4 orcish dagger (weapon)
Missiles
 o - 7 poisoned darts (quivered)
Armour
 a - a +0 robe
 d - a +0 orcish leather armour (worn)
 f - a +0 chain mail
Scrolls
 e - a scroll of remove curse
 g - a scroll of fear {unknown}
 h - a scroll of enchant weapon I {unknown}
 k - a scroll of amnesia
 l - a scroll of identify {unknown}
Jewellery
 c - an uncursed amulet of warding {unknown}
 m - a ring of magical power (right hand)
Books
 b - a book of Flames

   Spells                             Type                      Level
   *Flame Tongue                      Conjuration/Fire             1
   Throw Flame                        Conjuration/Fire             2
   *Conjure Flame                     Conjuration/Fire             3
   Inner Flame                        Hexes/Fire                   3
   *Sticky Flame                      Conjuration/Fire             4
   Fireball                           Conjuration/Fire             5
 n - a book of Spatial Translocations

   Spells                             Type                      Level
   *Apportation                       Translocation                1
   Portal Projectile                  Translocation                2
   Blink                              Translocation                2
   Shroud of Golubria                 Charms/Translocation         2
   Teleport Other                     Translocation                3
   Passage of Golubria                Translocation                4


   Skills:
 + Level 2.0 Fighting
 - Level 1.7 Dodging
 - Level 1.5 Stealth
 + Level 2.5 Spellcasting
 * Level 4.4 Conjurations
 * Level 0.4 Translocations
 * Level 6.4 Fire Magic


You had one spell level left.
You knew the following spells:

 Your Spells              Type           Power        Failure   Level  Hunger
a - Flame Tongue          Conj/Fire      ###..        1%          1    #......
b - Conjure Flame         Conj/Fire      ###.....     8%          3    ###....
c - Sticky Flame          Conj/Fire      ###.....     21%         4    #####..
d - Apportation           Tloc           #.........   17%         1    #......


Dungeon Overview and Level Annotations

Branches:
Dungeon (6/27)
 Temple: D:4-7          Orc: D:6-11

Altars:
Ashenzari
Cheibriados
Elyvilon
Makhleb

Annotations:
D:6 Prince Ribbit


Innate Abilities, Weirdness & Mutations

You are immune to all types of fire, even holy and hellish.
You are vulnerable to cold.
You need no food.
You have no legs.
You are immune to negative energy.


Message History

Aim: Prince Ribbit (flame)
The sticky flame hits Prince Ribbit.
Prince Ribbit is lightly wounded.
Prince Ribbit is covered in liquid flames!
Prince Ribbit burns!
Prince Ribbit is engulfed in roaring flames.
Prince Ribbit hits you!
* * * LOW HITPOINT WARNING * * *
Unknown command.
Casting: Sticky Flame
Confirm with . or Enter, or press ? or * to list all spells.
Aiming: Flame Tongue
Press: ? - help, Shift-Dir - straight line, f/p - Prince Ribbit
Aim: Prince Ribbit (flame, heavily wounded, covered in liquid flames)
The flame hits Prince Ribbit.
Prince Ribbit is heavily wounded.
Prince Ribbit burns!
Prince Ribbit is engulfed in roaring flames.
Prince Ribbit hits you!
You die...

#. # #<. #.### ...#
########.### #..........#
#####+# #..........####.......
#...........%.#........
#..........##@F..).....
#..........####........
#........>.# .......
####.####### ###+### #...#
##..# ######'##### #..#
#(.........# ###.########
#).........###.........>###
#..........'.#...>........####


You could see Prince Ribbit (burning).

Vanquished Creatures
  An ogre (D:6)
  A centaur (D:6)
  A jelly (D:3)
  A worker ant (D:6)
  A giant frog skeleton (D:6)
  A hound (D:4)
  An orc wizard (D:3)
  2 giant centipedes (D:3)
  A worm (D:6)
  An ooze (D:3)
  8 orcs
  4 bats
  2 giant cockroaches (D:3)
  4 goblins (D:1)
  4 hobgoblins
  A quokka (D:6)
  3 giant geckos
  A giant newt (D:1)
  A hobgoblin skeleton (D:4)
  4 kobolds
  6 rats
49 creatures vanquished.

Vanquished Creatures (others)
  A giant gecko (D:2)
1 creature vanquished.

Grand Total: 50 creatures vanquished

Notes
Turn   | Place    | Note
--------------------------------------------------------------
     0 | D:1      | 4tharraofdagon, the Djinni Fire Elementalist, began the quest for the Orb.
     0 | D:1      | Reached XP level 1. HP: 14/14 MP: 0/0
   133 | D:1      | Reached XP level 2. EP: 15/21
   257 | D:2      | Found a white marble altar of Elyvilon.
   426 | D:3      | Reached XP level 3. EP: 9/27
   443 | D:3      | Learned a level 3 spell: Conjure Flame
   503 | D:3      | Noticed a moth of wrath
   518 | D:3      | Reached skill level 1 in Fighting
   518 | D:3      | Reached skill level 5 in Fire Magic
   518 | D:3      | Reached XP level 4. EP: 6/34
   569 | D:3      | Found a glowing drain.
   626 | Sewer    | Entered a sewer
   737 | D:4      | Reached XP level 5. EP: 11/40
   766 | D:4      | Found a shattered altar of Ashenzari.
   792 | D:4      | Lost strength.
   920 | D:5      | Entered Level 5 of the Dungeon
   970 | D:6      | Noticed a centaur
   974 | D:6      | Killed a centaur
   977 | D:6      | Reached skill level 6 in Fire Magic
  1093 | D:6      | Learned a level 4 spell: Sticky Flame
  1153 | D:6      | Noticed an ogre
  1162 | D:6      | Killed an ogre
  1162 | D:6      | Reached XP level 6. EP: 26/48
  1165 | D:6      | Learned a level 1 spell: Apportation
  1202 | D:6      | Found a snail-covered altar of Cheibriados.
  1202 | D:6      | Found a burning altar of Makhleb.
  1211 | D:6      | Became a worshipper of Makhleb the Destroyer
  1254 | D:6      | Noticed Prince Ribbit
  1262 | D:6      | Mangled by Prince Ribbit

Action                   |  1- 3 |  4- 6 || total
-------------------------+-------+-------++-------
Melee: Hand axe          |    15 |       ||    15
       Unarmed           |     2 |       ||     2
       Dagger            |     3 |    31 ||    34
 Cast: Flame Tongue      |    36 |    39 ||    75
       Conjure Flame     |     1 |     3 ||     4
       Sticky Flame      |       |     2 ||     2
  Use: Potion            |     2 |     4 ||     6
       Scroll            |       |     4 ||     4
